 Dungeon Crawl Stone Soup version 0.17-a0-1596-g1e86911 (webtiles) character file.

30 thrall606 the Skirmisher (level 3, -3/29 HPs)
             Began as a Demonspawn Abyssal Knight on July 31, 2015.
             Was a Follower of Lugonu.
             Killed by nerve-wracking pain
             ... invoked by Jessica
              (12 damage)
             ... on level 3 of the Dungeon.
             The game lasted 00:06:31 (1249 turns).

thrall606 the Skirmisher (DsAK)                     Turns: 1249, Time: 00:06:31

Health: -3/29      AC:  4    Str: 13    XL:     3   Next: 5%
Magic:  5/5        EV: 13    Int: 13    God:    Lugonu [*.....]
Gold:   40         SH:  0    Dex: 12    Spells: 0 memorised, 2 levels left

rFire  . . .     SeeInvis .     a - +1 hand axe
rCold  . . .     Clarity  .     b - +0 leather armour
rNeg   . . .     SustAt   .     (no shield)
rPois  .         Gourm    .     (helmet restricted)
rElec  .         Spirit   .     i - +0 cloak
rCorr  .         Warding  .     (no gloves)
rMut   .         Stasis   .     (no boots)
MR     .....                    (no amulet)
Stlth  +.........               (no ring)
                                (no ring)

@: not resistant to hostile enchantments, very unstealthy
A: antennae 1, repulsion field 1
a: Depart the Abyss, Renounce Religion


You were on level 3 of the Dungeon.
You worshipped Lugonu.
Lugonu was aware of your devotion.
You were not hungry.

You visited 1 branch of the dungeon, and saw 4 of its levels.
You visited the Abyss 1 time.

You collected 40 gold pieces.

Inventory:

Hand weapons
 a - a +1 hand axe (weapon)
 d - a +0 whip
 e - a +0 dagger
 f - a +0 whip
Armour
 b - a +0 leather armour (worn)
 i - a +0 cloak (worn)
Scrolls
 h - a scroll of remove curse
Potions
 l - a potion of poison {unknown}
Comestibles
 c - 2 bread rations
 g - a meat ration
 j - a slice of pizza


   Skills:
 + Level 3.5 Fighting
 + Level 1.9 Axes
 + Level 2.0 Armour
 + Level 1.0 Dodging
 + Level 3.2 Invocations


You had 2 spell levels left.
You didn't know any spells.

Dungeon Overview and Level Annotations

Branches:
Dungeon (4/15)
 Temple: D:4-7

Altars:

Annotations:
D:3 Jessica
D:4 heinrich's ghost, average OpWr


Innate Abilities, Weirdness & Mutations

You have a pair of small antennae on your head.
You are surrounded by a mild repulsion field (EV +2).


Message History

Heinrich's ghost hits you. Heinrich's ghost barely misses you.
Heinrich's ghost hits you.
* * * LOW HITPOINT WARNING * * *
Heinrich's ghost casts a spell.
Heinrich's ghost blinks!
Found a stone staircase leading up.
Heinrich's ghost mumbles some strange words.
Heinrich's ghost blinks!
There is a stone staircase leading up here.
There is a stone staircase leading up here.
You climb upwards.
Jessica shouts!
There is a stone staircase leading down here.
Jessica is nearby!
Jessica zaps a wand.
You resist with significant effort.
It is a wand of enslavement.
Jessica casts a spell at you. Pain shoots through your body!
You die...

###
....
.....
##...
...
###@#
##.>.#
#.@###
#...##
##..
#..
#..
..#
..# ..


You could see Jessica.

Vanquished Creatures
  A gnoll (D:1)
  3 bats
  A hobgoblin (D:2)
  4 jackals (D:1)
  3 kobolds
  3 giant newts
  4 goblins (D:1)
  2 rats (D:1)
21 creatures vanquished.

Notes
Turn   | Place    | Note
--------------------------------------------------------------
     0 | Abyss:1  | thrall606 the Demonspawn Abyssal Knight began the quest for the Orb.
     0 | Abyss:1  | Reached XP level 1. HP: 18/18 MP: 2/2
     0 | D:1      | Escaped the Abyss
   255 | D:1      | Gained mutation: You are surrounded by a mild repulsion field (EV +2). [demonic ancestry]
   255 | D:1      | Reached XP level 2. HP: 1/24 MP: 4/4
   582 | D:1      | Acquired Lugonu's first power
   582 | D:1      | Reached skill level 1 in Dodging
   949 | D:2      | Gained mutation: You have a pair of small antennae on your head. [demonic ancestry]
   949 | D:2      | Reached XP level 3. HP: 24/29 MP: 5/5
  1055 | D:2      | You fall through a shaft for 2 floors!
  1055 | D:4      | Noticed heinrich's ghost (average OpWr)
  1247 | D:3      | Noticed Jessica
  1249 | D:3      | Killed from afar by Jessica

Vault maps used:
D:1:      sevenhm_arrival_forest_fort_large_4
D:2:      mumra_celtic_spiral_tile, tgw_trog, evilmike_ruin_ashenzari,
          hangedman_decor_opposing, okawaru_gym_becter
D:3:      old_standard_altar, serial_bayou_ford_a, uniq_jessica, uniq_grinder,
          uniq_purgy
D:4:      kennysheep_six_static_rooms, gammafunk_temple_overflow_forgotten,
          serial_shops, kennysheep_little_box, dk_rats_in_the_wall

Action                   || total
-------------------------++-------
Melee: Hand axe          ||    75
Invok: Depart the Abyss  ||     1
  Use: Scroll            ||     6
  Eat: Chunk             ||     1
